Map: Oblivion Express

Players

Yuriprime

  • Race: Protoss Protoss
  • Spawn Location: 12:00

TheOutsider

  • Race: Terran Terran
  • Spawn Location: 0:00

VOD

Have the link to the VOD?

Description

Time

  • Played on: Aug. 16, 2017, 6:52 a.m.
  • Length: 23:42
Show
View Real Time Build Order
Export as new Build Order

Yuriprime Protoss 

Build Orders:  

Get SALT Encoding   

  12  0:03  Probe (Chrono Boost)  
  13  0:17  Probe (Chrono Boost)  
  13  0:18  Dark Pylon  
  14  0:23  Assimilator  
  14  0:31  Probe (Chrono Boost)  
  14  0:37  Assimilator  
  15  0:44  Probe (Chrono Boost)  
  16  1:00  Gateway  
  16  1:03  Probe (Chrono Boost)  
  17  1:17  Probe (Chrono Boost)  
  18  1:28  Forge  
  18  1:31  Probe (Chrono Boost)  
  19  1:45  Probe (Chrono Boost)  
  20  1:59  Probe (Chrono Boost)  
  21  2:00  Pylon  
  21  2:06  Cybernetics Core  
  21  2:13  Probe (Chrono Boost)  
  21  2:16  Protoss Ground Weapons Level 1  
  22  2:27  Probe (Chrono Boost)  
  23  2:40  Probe (Chrono Boost)  
  24  2:53  Gateway  
  24  2:54  Probe (Chrono Boost)  
  24  2:58  Death Council  
  25  3:08  Probe (Chrono Boost)  
  26  3:23  Probe (Chrono Boost)  
  27  3:52  Nexus  
  27  3:57  Warp Gate  
  27  3:58  Assimilator  
  27  4:06  Assimilator  
  27  4:09  Pylon  
  27  4:15  Dark Shrine  
  27  4:39  Gateway  
  27  4:42  Probe (Chrono Boost)  
  28  4:56  Probe (Chrono Boost)  
  29  5:06  Shadow Fury (Chrono Boost)  
  29  5:07  Dark Templar  
  29  5:08  Dark Templar  
  33  5:26  Pylon  
  33  5:33  Probe  
  33  5:36  Probe  
  35  5:53  Dark Templar x2  
  39  6:08  Dark Templar  
  41  6:46  Dark Templar x2  
  45  6:51  Probe  
  45  6:54  Gateway, Probe  
  45  6:56  Gateway  
  47  7:00  Gateway  
  47  7:05  Gateway  
  47  7:07  Dark Templar Blink (Chrono Boost)  
  47  7:09  Dark Templar  
  47  7:21  Protoss Ground Weapons Level 2 (Chrono Boost), Probe  
  47  7:24  Probe  
  49  7:37  Probe  
  50  7:41  Probe  
  51  8:01  Pylon  
  51  8:06  Pylon  
  51  8:07  Dark Templar  
  51  8:08  Dark Templar x2  
  57  8:11  Pylon  
  57  8:26  Dark Templar x2  
  57  8:27  Dark Templar  
  63  8:30  Dark Templar  
  65  8:53  Dark Templar x2  
  65  8:54  Dark Templar  
  71  9:23  Gateway  
  71  9:24  Gateway  
  71  9:28  Gateway  
  71  9:30  Gateway  
  71  9:43  Dark Templar x3  
  71  9:44  Dark Templar  
  79  10:12  Stalker x2  
  79  10:13  Stalker  
  85  10:27  Pylon x2  
  85  10:31  Pylon  
  85  10:33  Pylon  
  85  10:53  Stalker x2  
  85  10:57  Protoss Ground Weapons Level 3  
  89  11:08  Dark Templar x4  
  97  11:18  Dark Templar  
  97  11:19  Dark Templar x2  
  103  11:27  Dark Templar  
  103  11:28  Dark Templar  
  107  12:07  Stargate  
  107  12:20  Photon Cannon  
  107  12:32  Photon Cannon  
  107  12:36  Photon Cannon  
  107  12:52  Dark Templar  
  107  12:53  Dark Templar x4  
  117  13:00  Photon Cannon  
  117  13:08  Pylon  
  117  13:13  Oracle  
  117  13:18  Pylon  
  120  13:59  Dark Templar x6  
  132  14:00  Dark Templar  
  132  14:07  Protoss Shields Level 1  
  134  14:26  Pylon  
  134  14:31  Oracle  
  134  14:40  Pylon  
  134  14:41  Pylon  
  134  14:43  Pylon  
  134  14:46  Pylon  
  134  14:49  Pylon  
  134  14:52  Pylon  
  127  15:20  Dark Templar x5  
  127  15:21  Dark Templar x3  
  141  15:59  Photon Cannon  
  141  16:12  Dark Templar x5  
  141  16:13  Dark Templar  
  141  16:15  Protoss Shields Level 2  
  153  16:23  Photon Cannon  
  149  16:51  Dark Templar  
  149  16:52  Dark Templar x3  
  157  17:23  Probe  
  158  17:50  Pylon  
  158  17:55  Pylon  
  156  18:20  Dark Pylon  
  156  18:24  Photon Cannon  
  156  18:25  Photon Cannon  
  156  18:27  Photon Cannon  
  154  18:31  Photon Cannon  
  154  18:34  Photon Cannon  
  154  18:37  Photon Cannon  
  152  18:41  Photon Cannon  
  152  18:43  Photon Cannon  
  152  18:57  Dark Templar x6  
  152  18:58  Dark Templar x3  
  170  19:10  Protoss Shields Level 3  
  168  19:51  Dark Templar x2  
  168  19:52  Dark Templar x5  
  182  20:05  Oracle  
  182  20:17  Photon Cannon  
  185  21:32  Dark Templar x2  
  185  21:33  Dark Templar x3  
  185  21:34  Dark Templar x2  
  183  22:32  Dark Pylon  
  183  22:35  Dark Templar x3  
  183  22:36  Dark Templar x5  
Show
View Real Time Build Order
Export as new Build Order

TheOutsider Terran 

Build Orders:  

Get SALT Encoding   

  12  2:27  Supply Depot  
Tags
 
Add a new tag
Caveats
  • Supply blocks, unpowered buildings, or Contaminate may cause inaccurate times.
  • Supply counts are checked every 10 seconds.